 Dungeon Crawl Stone Soup version 0.19.0-19-g8c6edcc (console) character file.

126 2d6 the Sneak (level 4, -1/19 HPs)
             Began as a Felid Air Elementalist on Nov 15, 2016.
             Slain by a hound (4 damage)
             ... on level 3 of the Dungeon.
             The game lasted 00:17:12 (4213 turns).

2d6 the Sneak (Felid Air Elementalist)              Turns: 4213, Time: 00:17:12

Health: -1/19      AC:  1    Str:  4    XL:     4   Next: 83%
Magic:  1/9        EV: 19    Int: 18    God:
Gold:   96         SH:  0    Dex: 16    Spells: 2 memorised, 6 levels left
                                        Lives:  0   Deaths: 1

rFire  . . .     SeeInvis +     (weapon unavailable)
rCold  . . .     Gourm    .     (armour unavailable)
rNeg   . . .     Faith    .     (shield unavailable)
rPois  .         Spirit   .     (helmet unavailable)
rElec  .         Reflect  .     (cloak unavailable)
rCorr  .         Harm     .     (gloves unavailable)
MR     .....                    (boots unavailable)
Stlth  +++.......               (no amulet)
                                (no ring)
                                d - ring of flight

@: swift (expiring), very quick
A: no armour, no weapons or thrown items, stealth, claws 1, fangs 3, see
invisible, carnivore 3, speed 1, shaggy fur 1, slow metabolism 1, sharp paws
a: Evoke Flight


You were on level 3 of the Dungeon.
You were very full.

You visited 1 branch of the dungeon, and saw 4 of its levels.

You collected 96 gold pieces.

Inventory:

Jewellery
 d - a ring of flight (left paw)
Potions
 c - a potion of mutation {unknown}
 e - a potion of lignification {unknown}
Books
 a - a book of Air

   Spells                             Type                      Level
   a - Shock                          Conjuration/Air              1
   b - Swiftness                      Charms/Air                   2
   c - Repel Missiles                 Charms/Air                   2
   d - Static Discharge               Conjuration/Air              3
   e - Lightning Bolt                 Conjuration/Air              5
Comestibles
 b - a meat ration
 i - a slice of pizza


   Skills:
 - Level 1.6 Fighting
 + Level 4.0 Dodging
 + Level 4.2 Stealth
 + Level 3.0 Spellcasting
 + Level 2.0 Conjurations
 - Level 1.4 Charms
 + Level 3.2 Air Magic


You had 6 spell levels left.
You knew the following spells:

 Your Spells              Type           Power        Failure   Level  Hunger
a - Shock                 Conj/Air       ##..         8%          1    None
b - Swiftness             Chrm/Air       ##......     12%         2    ##.....


Dungeon Overview and Level Annotations

Branches:
Dungeon (4/15)
 Temple: D:4-7

Altars:
Ashenzari
Hepliaklqana
Qazlal
Xom


Innate Abilities, Weirdness & Mutations

You cannot wear armour.
You are incapable of wielding weapons or throwing items.
Your paws allow you to move quietly. (Stealth)
You have sharp claws.
You have razor-sharp teeth.
You have supernaturally acute eyesight. (SInv)
You are carnivorous and can eat meat at any time.
You cover ground quickly.
You are covered in fur. (AC +1)
You have a slow metabolism.
Your sharp claws are effective at attacking unaware monsters.


Message History

Confirm with . or Enter, or press ? or * to list all spells.
You feel quick. The hound completely misses you. The hound closely misses you.
Casting: Swiftness
Confirm with . or Enter, or press ? or * to list all spells.
Aiming: Shock
Press: ? - help, Shift-Dir - straight line, f/p - hound
Aim: a hound (moderately wounded)
The zap hits the hound.
The hound is heavily wounded.
The hound closely misses you.
You start to feel a little slower.
Casting: Shock
Confirm with . or Enter, or press ? or * to list all spells.
Aiming: Shock
Press: ? - help, Shift-Dir - straight line, f/p - hound
Aim: a hound (heavily wounded)
The zap hits the hound.
The hound is severely wounded.
The hound bites you.
You die...

########## #..).......#
.........# #.########.#
########.# #.# #.# #.# #.# #.#
### #.# #.# ######.## ..# #<#
#.# #.......# #.# #.# #.#
#.####.># #.# #.# #.###.## #..#
#.######.# #.##.@.###..#
...(.....# #.†..h......#
#.#####..# ####...####.# #.#
#..# ###.### #.# #.# #..#
#.....# #.#
#.#####..#####.###.# #.#
#..............# #.###.#
...####.######.###.##..#
#.#...#.######.....#...########


You could see a hound.

Vanquished Creatures
  An orc priest (D:3)
  Robin (D:3)
  8 gnolls
  2 adders
  A worm (D:2)
  A leopard gecko (D:3)
  5 orcs (D:3)
  2 giant cockroaches (D:3)
  10 goblins
  15 hobgoblins
  A quokka (D:3)
  7 bats
  2 frilled lizards
  9 kobolds
  8 rats
73 creatures vanquished.

Notes
Turn   | Place    | Note
-------+----------+-------------------------------------------
     0 | D:1      | 2d6 the Felid Air Elementalist began the quest for the Orb.
     0 | D:1      | Reached XP level 1. HP: 7/7 MP: 4/4
   231 | D:1      | Reached skill level 1 in Conjurations
   231 | D:1      | Reached XP level 2. HP: 12/12 MP: 0/6
   684 | D:1      | Reached skill level 1 in Fighting
   822 | D:1      | Found a shattered altar of Ashenzari.
   940 | D:1      | Reached XP level 3. HP: 15/15 MP: 0/7
  2047 | D:2      | Learned a level 2 spell: Swiftness
  2230 | D:2      | Reached XP level 4. HP: 19/19 MP: 4/8
  2741 | D:2      | Reached skill level 1 in Charms
  2935 | D:3      | Found a stormy altar of Qazlal.
  3161 | D:3      | Found a shimmering altar of Xom.
  3161 | D:3      | Noticed Robin
  3183 | D:3      | Reached XP level 5. HP: 22/22 MP: 6/10
  3435 | D:3      | Killed Robin
  3563 | D:3      | HP: 1/22 [poisoned by a kobold]
  3565 | D:3      | Succumbed to a kobold's poison
  3566 | D:3      | Reached XP level 4. HP: 0/19 MP: 0/9
  3594 | D:3      | Found a hazy altar of Hepliaklqana.
  3594 | D:3      | Noticed a sphinx zombie
  3595 | D:3      | Noticed a sphinx zombie
  3595 | D:3      | Noticed a spectral ugly thing
  4170 | D:4      | Noticed an ogre
  4175 | D:4      | Noticed a sky beast
  4213 | D:3      | Slain by a hound

Skill      XL: |  1  2  3  4  5 |
---------------+----------------+-----
Stealth        | 3 4 |  4.2
Conjurations   | 1 2 |  2.0
Fighting       | 1 |  1.6
Air Magic      | 3 |  3.2
Dodging        | 3 4 |  4.0
Charms         | 1 |  1.4
Spellcasting   | 3 |  3.0

Action                   |  1- 3 |  4- 6 || total
-------------------------+-------+-------++-------
 Cast: Shock             |    91 |    96 ||   187
       Swiftness         |       |     1 ||     1
  Use: Scroll            |       |     4 ||     4
       Potion            |       |     4 ||     4
  Eat: Chunk             |    11 |     9 ||    20
Armor: Skin              |     3 |       ||     3
Dodge: Dodged            |    23 |    33 ||    56
